 Dungeon Crawl Stone Soup version 0.30-a0-359-gd0147acb1a (webtiles) character file.

Game seed: 14325713194771700026

694 mcwallace the Gusty (level 7, -2/41 HPs)
             Began as a Tengu Air Elementalist on Nov 12, 2022.
             Was an Initiate of Vehumet.
             Slain by a kobold brigand
             ... wielding a +0 club
              (4 damage)
             ... on level 5 of the Dungeon.
             The game lasted 00:14:40 (4938 turns).

mcwallace the Gusty (Tengu Air Elementalist)        Turns: 4938, Time: 00:14:40

Health: -2/41      AC:  2    Str:  8    XL:     7   Next: 64%
Magic:  2/13       EV: 17    Int: 21    God:    Vehumet [......]
Gold:   154        SH:  0    Dex: 19    Spells: 3/13 levels left

rFire   + . .      SeeInvis .    B - -1 triple crossbow {crossbow}
rCold   . . .      Faith    .    (shield currently unavailable)
rNeg    . . .      Spirit   .    a - +0 robe
rPois   .          Reflect  .    (helmet restricted)
rElec   .          Harm     .    (no cloak)
rCorr   .          Rampage  .    (no gloves)
Will    +....                    (boots unavailable)
Stlth   ++........               (no amulet)
HPRegen 0.26/turn                E - ring of protection from fire
MPRegen 0.13/turn                F - ring "Olyg Gute" {Will+ Int+4 Dex+4}

@: flying quickly and evasively, very slightly contaminated, slowed, very slow
A: beak, talons 3, nimble flight
a: Renounce Religion


You were on level 5 of the Dungeon.
You worshipped Vehumet.
Vehumet was noncommittal.
You visited 2 branches of the dungeon, and saw 6 of its levels.

You collected 214 gold pieces.
You spent 60 gold pieces at shops.


Innate Abilities, Weirdness & Mutations

You have a beak for a mouth.
You have claws for feet.
Your magical nature lets you fly swiftly and evasively.


   Skills:
 + Level 3.2 Fighting
 + Level 4.3 Dodging
 - Level 2.0 Stealth
 + Level 3.7 Spellcasting
 - Level 2.5 Conjurations
 + Level 1.9 Summonings
 + Level 6.1 Air Magic
 + Level 2.6 Poison Magic


You had 3 spell levels left.
You knew the following spells:

 Your Spells              Type           Power      Damage    Failure   Level
a - Shock                 Conj/Air       88%        1d8       1%          1
b - Static Discharge      Conj/Air       44%        2-4/arc   3%          2
c - Swiftness             Air            29%        N/A       3%          3
d - Airstrike             Air            14%        2d(3-19)  10%         4

Your spell library contained the following spells:

 Spells                   Type           Power      Damage    Failure   Level
 Summon Small Mammal      Summ           48%        N/A       5%          1
 Call Canine Familiar     Summ           12%        N/A       17%         3
 Summon Guardian Golem    Hex/Summ       7%         N/A       26%         3
 Summon Ice Beast         Ice/Summ       7%         N/A       63%         4
 Alistair's Intoxication  Tmut/Pois      6%         N/A       89%         5
 Summon Mana Viper        Hex/Summ       7%         N/A       93%         5
 Borgnjor's Vile Clutch   Necr/Erth      1%         N/A       98%         5
 Eringya's Noxious Bog    Tmut/Pois      4%         N/A       100%        6
 Monstrous Menagerie      Summ           6%         N/A       100%        7

Inventory:

Hand Weapons
 j - a +1 vorpal sling
   (You found it on level 1 of the Dungeon)
 B - a -1 triple crossbow (weapon) {crossbow}
   (You bought it in a shop on level 4 of the Dungeon)
 K - a +2 vorpal trident {polearm}
   (You found it on level 5 of the Dungeon)
 N - a +3 trident of venom {polearm}
   (You took it off an orc on level 4 of the Dungeon)
Missiles
 c - 52 stones {throwing}
 x - 10 poisoned darts {throwing}
 H - 2 javelins {throwing}
 O - 2 boomerangs {throwing}
Armour
 a - a +0 robe (worn)
 f - a +0 leather armour
   (You took it off an orc on level 4 of the Dungeon)
 g - a +0 robe
   (You found it on level 1 of the Dungeon)
 k - a +0 robe
   (You took it off Blork the orc on level 4 of the Dungeon)
 n - +0 fire dragon scales
   (You found it on level 5 of the Dungeon)
 r - a +0 robe
   (You found it on level 2 of the Dungeon)
 v - a +0 plate armour
   (You found it on level 3 of the Dungeon)
 y - a +0 robe
   (You took it off an orc wizard on level 3 of the Dungeon)
 z - a +0 robe
   (You took it off an orc wizard on level 3 of the Dungeon)
 D - a +0 leather armour
   (You took it off a hobgoblin on level 4 of the Dungeon)
 J - a +0 leather armour
   (You took it off an orc priest on level 5 of the Dungeon)
 M - a +0 leather armour
   (You found it on level 4 of the Dungeon)
 P - a +0 leather armour
   (You took it off an orc on level 5 of the Dungeon)
Magical Staves
 m - a staff of poison {!astaff}
   (You took it off a hobgoblin on level 2 of the Dungeon)
 L - a staff of death {!astaff}
   (You found it on level 4 of the Dungeon)
Jewellery
 E - a ring of protection from fire (left hand)
   (You found it on level 4 of the Dungeon)
 F - the ring "Olyg Gute" (right hand) {Will+ Int+4 Dex+4}
   (You found it on level 4 of the Dungeon)

   [ring of willpower]

   Int:       It affects your intelligence (+4).
   Dex:       It affects your dexterity (+4).
   Will:      It increases your willpower.
Scrolls
 d - 4 scrolls of immolation {!r!r}
 i - 4 scrolls of teleportation {@r4}
 p - a scroll of vulnerability {!r!r}
 t - 2 scrolls of enchant armour
 u - a scroll of fear {unknown}
 A - 2 scrolls of silence {!r}
 I - a scroll of brand weapon {unknown}
Potions
 b - 4 potions of magic
 e - a potion of berserk rage {unknown}
 h - a potion of might {unknown}
 l - 2 potions of haste {@q3}
 o - a potion of mutation {unknown}
 q - a potion of lignification {unknown}
 s - 2 potions of heal wounds {@q2}
 w - 3 potions of cancellation {unknown}
 C - a potion of invisibility {unknown}
 G - a potion of attraction {unknown}

Dungeon Overview and Level Annotations

Branches:
Dungeon (5/15) Zot: 25385  Temple (1/1) D:5 Zot: 5683

Altars:
Ashenzari
Cheibriados
Elyvilon
Fedhas
Gozag
Hepliaklqana
Nemelex Xobeh
Okawaru
Ru
Sif Muna
Vehumet
Wu Jian
Xom
Yredelemnul
The Shining One

Shops:
D:4

* ###### #....#
#.)..#
#######.<..#
#######..........#
.)......##.......#
...)#
#...K###.##....#
>...#
#...K@...##....#
....# ##
..........########
>...##..
.......####
...............#
.....#.....#.##
.......... #.
.........# #
......... ≈......#


You could see a kobold brigand and a kobold.


Message History

Aim: a kobold, wielding a +0 short sword and quivering stones (45% to hit)
You shoot a bolt. The bolt barely misses the kobold.
A kobold brigand comes into view.
It is wielding a +0 club and quivering curare-tipped darts.
The kobold throws a stone.
The stone closely misses you.
The kobold throws a stone.
The stone barely misses you. 😎 HP[+1]
Your hp is fully restored (41).
Fire: B) -1 triple crossbow {crossbow}
Press: ? - help, Q - select action, (/) - cycle Shift-Dir - straight line, f/p - kobold
Aim: a kobold, wielding a +0 short sword and quivering stones (45% to hit)
You shoot a bolt. The bolt closely misses the kobold.
The kobold throws a stone.
The stone misses you.
Fire: B) -1 triple crossbow {crossbow}
Press: ? - help, Q - select action, (/) - cycle Shift-Dir - straight line, f/p - kobold
Aim: a kobold, wielding a +0 short sword and quivering stones (45% to hit)
You shoot a bolt. The bolt hits the kobold brigand.
The kobold brigand throws a curare-tipped dart.
The curare-tipped dart misses you.
Fire: B) -1 triple crossbow {crossbow}
Press: ? - help, Q - select action, (/) - cycle Shift-Dir - straight line, f/p - kobold
Aim: a kobold, wielding a +0 short sword and quivering stones (45% to hit)
You shoot a bolt.
The bolt closely misses the kobold brigand.
The bolt hits the kobold!
You kill the kobold!
Vehumet accepts your kill.
A kobold comes into view. It is wielding a +0 whip.
Fire: B) -1 triple crossbow {crossbow}
Press: ? - help, Q - select action, (/) - cycle Shift-Dir - straight line, f - kobold brigand
Aim: a kobold brigand, wielding a +0 club and quivering curare-tipped darts (lightly wounded, 45% to hit)
You shoot a bolt. The kobold shouts!
The bolt hits the kobold brigand but does no damage.
The kobold brigand throws a curare-tipped dart.
The curare-tipped dart hits you.
You are poisoned.
You have difficulty breathing.
You feel yourself slow down. 😕 HP[-4]
You take 4 damage, and now have 37/41 hp.
Casting: Airstrike (quite dangerous; 10% risk of failure)
Confirm with . or Enter, or press ? or * to list all spells.
The spell is quite dangerous to miscast (10% risk of failure)!
Continue anyway?
Aiming: Airstrike (quite dangerous; 10% risk of failure)
Press: ? - help, Dir - move target, f/p - kobold brigand
Aim: a kobold brigand, wielding a +0 club and quivering curare-tipped darts (lightly wounded, empty space bonus: 6/8)
The air twists around and strikes the kobold brigand.
You feel very sick.
The kobold brigand hits you with a +0 club! 😮 HP[-12] MP[-4]
You take 12 damage, and now have 25/41 hp.
MASSIVE DAMAGE!! (PAUSE)
You lost 4 mp, and now have 9/13 mp.
Casting: Airstrike (quite dangerous; 10% risk of failure)
Confirm with . or Enter, or press ? or * to list all spells.
The spell is quite dangerous to miscast (10% risk of failure)!
Continue anyway?
Aiming: Airstrike (quite dangerous; 10% risk of failure)
Press: ? - help, Dir - move target, f/p - kobold brigand
Aim: a kobold brigand, wielding a +0 club and quivering curare-tipped darts (lightly wounded, empty space bonus: 6/8)
You miscast Airstrike.
You are very lightly contaminated with residual magic.
You feel a sudden electric shock.
* * * LOW HITPOINT WARNING * * *
You feel sick. The kobold brigand misses you.
The kobold brigand completely misses you. 😨 HP[-5] MP[-4]
You take 5 damage, and now have 20/41 hp.
You lost 4 mp, and now have 5/13 mp.
Casting: Airstrike (quite dangerous; 10% risk of failure)
Confirm with . or Enter, or press ? or * to list all spells.
The spell is quite dangerous to miscast (10% risk of failure)!
Continue anyway?
Aiming: Airstrike (quite dangerous; 10% risk of failure)
Press: ? - help, Dir - move target, f/p - kobold brigand
Aim: a kobold brigand, wielding a +0 club and quivering curare-tipped darts (lightly wounded, empty space bonus: 5/8)
The air twists around and strikes the kobold brigand.
You feel sick. The kobold misses you.
The kobold brigand hits you with a +0 club.
* * * LOW HITPOINT WARNING * * *
😨 HP[-6] MP[-4]
You take 6 damage, and now have 14/41 hp.
You lost 4 mp, and now have 1/13 mp.
Unknown command.
Casting: Airstrike (quite dangerous; 10% risk of failure)
Confirm with . or Enter, or press ? or * to list all spells.
Okay, then.
Fire: B) -1 triple crossbow {crossbow}
Press: ? - help, Q - select action, (/) - cycle Shift-Dir - straight line, f/p - kobold brigand
Aim: a kobold brigand, wielding a +0 club and quivering curare-tipped darts (moderately wounded, 45% to hit)
You shoot a bolt. The bolt hits the kobold brigand!
You feel sick.
You are no longer poisoned.
The kobold misses you. The kobold brigand barely misses you.
The kobold brigand hits you with a +0 club.
* * * LOW HITPOINT WARNING * * *
The kobold misses you.
The kobold brigand hits you with a +0 club!
* * * LOW HITPOINT WARNING * * *
The kobold misses you. The kobold barely misses you.
The kobold brigand hits you with a +0 club.
You die...

Skill      XL: |  1  2  3  4  5  6  7 |
---------------+----------------------+-----
Conjurations   | 2 |  2.5
Fighting       | 1 2 3 |  3.2
Dodging        | 3 4 |  4.3
Poison Magic   | 1 2 |  2.6
Air Magic      | 5 6 |  6.1
Spellcasting   | 3 |  3.7
Summonings     | 1 |  1.9
Stealth        | |  2.0

Action                   |  1- 3 |  4- 6 |  7- 9 || total
-------------------------+-------+-------+-------++-------
Melee: Short sword       |     7 |       |       ||     7
       Kick              |     1 |       |       ||     1
 Fire: Sling             |    80 |    58 |       ||   138
       Triple crossbow   |       |    52 |    28 ||    80
 Cast: Shock             |     7 |     8 |       ||    15
       Static Discharge  |     1 |     7 |       ||     8
       Airstrike         |       |     1 |     8 ||     9
       Swiftness         |       |       |     1 ||     1
  Use: Scroll            |       |     7 |     1 ||     8
       Potion            |       |       |     1 ||     1
Armor: Robe              |     4 |     5 |     1 ||    10
Dodge: Dodged            |    23 |    34 |    18 ||    75

Levels and vault maps discovered:
D:1:      lemuel_arrival_cross, layout_basic
D:2:      layout_rooms, hellmonk_ecumenical_altar_slurped_away
D:3:      layout_loops_ring, minmay_ruptured
D:4:      layout_cave_pods, tgw_xom, minmay_shop_damaged, columned_hall_lemuel,
          minmay_bent, uniq_blork_the_orc
D:5:      layout_rooms, chequers_temple_overflow_minitemple, temple_pool_b,
          nicolae_kite_square_tiling_tiny, chequers_serial_rivers_large_a
Temple:   minmay_temple_curvy_branch

Notes
Turn   | Place    | Note
-------+----------+-------------------------------------------
     0 | D:1      | mcwallace the Tengu Air Elementalist began the quest for
                  | the Orb.
     0 | D:1      | Reached XP level 1. HP: 10/10 MP: 4/4
     0 | D:1      | magus.rc [v1.9.6]
   650 | D:1      | Reached XP level 2. HP: 16/16 MP: 6/6
  1028 | D:2      | Reached skill level 2 in Conjurations
  1033 | D:2      | Reached skill level 1 in Fighting
  1033 | D:2      | Reached XP level 3. HP: 18/20 MP: 7/7
  1256 | D:2      | You add the spells Alistair's Intoxication, Borgnjor's Vile
                  | Clutch and Eringya's Noxious Bog to your library.
  1329 | D:2      | Found a faded altar of an unknown god.
  1590 | D:2      | Learned a level 2 spell: Static Discharge
  1594 | D:2      | Learned a level 3 spell: Swiftness
  1624 | D:3      | Reached XP level 4. HP: 18/25 MP: 5/8
  1793 | D:3      | You pick up a book of Callings and begin reading...
  1793 | D:3      | You add the spells Summon Small Mammal, Call Canine
                  | Familiar and Summon Guardian Golem to your library.
  1975 | D:3      | Reached skill level 3 in Dodging
  2080 | D:3      | Gained mutation: Your magical nature lets you fly swiftly
                  | and evasively. [Tengu growth]
  2080 | D:3      | Reached XP level 5. HP: 24/30 MP: 4/10
  2083 | D:3      | Reached skill level 1 in Poison Magic
  2090 | D:3      | Reached skill level 2 in Fighting
  2090 | D:3      | Reached skill level 5 in Air Magic
  2482 | D:4      | Found Zuma's Lightly-Used Armoury.
  2496 | D:4      | Bought a -1 triple crossbow for 60 gold pieces
  2642 | D:4      | Reached skill level 3 in Spellcasting
  2667 | D:4      | Reached XP level 6. HP: 35/35 MP: 11/11
  2694 | D:4      | Identified the ring "Olyg Gute" {Will+ Int+4 Dex+4}
  3025 | D:4      | Found a shimmering altar of Xom.
  3501 | D:4      | Noticed Blork the orc
  3505 | D:4      | Killed Blork the orc
  3506 | D:4      | Reached skill level 2 in Poison Magic
  3511 | D:4      | Learned a level 4 spell: Airstrike
  3721 | D:5      | Entered Level 5 of the Dungeon
  3746 | D:5      | You pick up a book of Beasts and begin reading...
  3746 | D:5      | You add the spells Summon Ice Beast, Summon Mana Viper and
                  | Monstrous Menagerie to your library.
  3765 | D:5      | Found a staircase to the Ecumenical Temple.
  3774 | Temple   | Entered the Ecumenical Temple
  4095 | Temple   | Became a worshipper of Vehumet
  4324 | D:4      | Reached skill level 4 in Dodging
  4324 | D:4      | Reached XP level 7. HP: 18/40 MP: 8/13
  4439 | D:4      | Reached skill level 1 in Summonings
  4597 | D:5      | Reached skill level 3 in Fighting
  4675 | D:5      | Reached skill level 6 in Air Magic
  4784 | D:5      | Noticed a shadow
  4804 | D:5      | HP: 7/41 [something (34)]
  4938 | D:5      | HP: 10/41 [kobold brigand/+0 club (3)]
  4938 | D:5      | HP: 2/41 [kobold brigand/+0 club (8)]
  4938 | D:5      | Slain by a kobold brigand

Vanquished Creatures
  An ogre (D:5)
  A phantom (D:4)
  Blork the orc (D:4)
  A necrophage (D:4)
  2 hounds (D:5)
  A jelly (D:3)
  2 orc priests (D:5)
  2 orc wizards (D:3)
  An iguana (D:4)
  A gnoll (D:4)
  5 adders
  An ufetubus (D:4)
  A dart slug (D:1)
  A worm (D:3)
  18 orcs
  6 ball pythons
  10 endoplasms
  3 giant cockroaches
  8 goblins
  12 hobgoblins
  9 kobolds
  7 quokkas
  3 bats
  A frilled lizard (D:1)
  6 rats
104 creatures vanquished.

Table legend:
 A = Non-vault XP
 B = Vault XP
 C = Vault XP percentage of total XP
 D = Non-vault monster count
 E = Vault monster count
 F = Vault count percentage of total count
                 A         B        C        D         E       F
            +---------+---------+-------+---------+---------+-------
      Total |     766 |     226 |  22.8 |      86 |      18 |  17.3
            +---------+---------+-------+---------+---------+-------
        D:1 |      21 |       0 |   0.0 |      11 |       0 |   0.0
        D:2 |      54 |       2 |   3.6 |      24 |       1 |   4.0
        D:3 |     191 |       6 |   3.0 |      23 |       3 |  11.5
        D:4 |     192 |     218 |  53.2 |      16 |      14 |  46.7
        D:5 |     308 |       0 |   0.0 |      12 |       0 |   0.0
            +---------+---------+-------+---------+---------+-------

Illustrated notes

Table legend:
 A = Kills in this place as a percentage of kills in entire the game.
 B = Kills by you in this place as a percentage of kills by you in the entire game.
 C = Kills by friends in this place as a percentage of kills by friends in the entire game.
 D = Other kills in this place as a percentage of other kills in the entire game.
 E = Experience gained in this place as a percentage of experience gained in the entire game.
 F = Experience gained in this place divided by the number of levels of this place that you have seen.
                   A       B       C       D       E      F
               +-------+-------+-------+-------+-------+----------------------
         Total | 100.0 | 100.0 |   N/A |   N/A | 100.0 | 165.3
       Dungeon | 100.0 | 100.0 |   N/A |   N/A | 100.0 | 198.4
               +-------+-------+-------+-------+-------+----------------------

Table legend: (Time is in decaauts)
 A = Elapsed time spent in this place.
 B = Non-inter-level travel time spent in this place.
 C = Inter-level travel time spent in this place.
 D = Time resting spent in this place.
 E = Time spent auto-exploring this place.
 F = Levels seen in this place.
 G = Mean time per level.
                   A        B        C        D        E       F      G
               +--------+--------+--------+--------+--------+-----+--------+
         Total |   4927 |   4652 |    275 |    498 |   3313 |   6 |  821.2 |
       Dungeon |   4611 |   4375 |    236 |    498 |   3038 |   5 |  922.2 |
        Temple |    316 |    278 |     38 |      0 |    274 |   1 |  316.0 |
               +--------+--------+--------+--------+--------+-----+--------+

Top non-repeatable levels by time:
     D:4: 1606 daAuts
     D:1: 1003 daAuts
     D:3: 930 daAuts
     D:2: 619 daAuts
     D:5: 451 daAuts
  Temple: 316 daAuts
